 Dungeon Crawl Stone Soup version 0.32-a0-918-g0f22ef8d61 (webtiles) character file.

Game seed: 14274768383098682452

27054 Lavandula the Fighter (level 13, 0/169 (184) HPs)
             Began as a Naga Conjurer on Apr 3, 2024.
             Hit by a silver javelin thrown by a minotaur (33 damage)
             ... in a Gauntlet on Apr 10, 2024.
             The game lasted 01:03:17 (17077 turns).

Lavandula the Fighter (Naga Conjurer)              Turns: 17077, Time: 01:03:26

HP:   0/169 (184)   AC: 16    Str: 10    XL:     13   Next: 29%
MP:   22/22         EV: 11    Int: 23    God:
Gold: 908           SH:  5    Dex: 16    Spells: 10/25 levels left

rFire   + + +        S - +4 trident (drain)
rCold   . . .        q - +0 buckler
rNeg    . . .        k - +3 troll leather armour
rPois   +            c - +2 helmet
rElec   .            x - +2 cloak
rCorr   .            B - +1 pair of gloves
SInv    +            (no barding)
Will    ++...        Z - amulet "Extutoghe" {Faith Rampage *Slow rF+++ Regen+} Stlth
                     e - ring of willpower
HPRegen 2.08/turn    s - +6 ring of dexterity
MPRegen 0.18/turn

%: no teleportation, slow self (1%), rampage, faith
@: berserking (expiring), slowed, drained, very slow
A: AC +4, large, see invisible, deformed body, poison resistance, slowness 2,
spit poison 1, naga tail 2
a: Spit Poison


You were in a Gauntlet.
You visited 3 branches of the dungeon, and saw 15 of its levels.
You also visited: Sewer, Bailey and Gauntlet.

You collected 1510 gold pieces.
You spent 602 gold pieces at shops.

Inventory:

Hand Weapons
 J - the +3 glaive "Transmigrator" {drain, rF++ Str-4 Int+2}
   (You took it off an orc priest on level 7 of the Dungeon)

   Str-4:     It affects your strength (-4).
   Int+2:     It affects your intelligence (+2).
   rF++:      It greatly protects you from fire.
 S - a +4 trident of draining (weapon)
Missiles
 G - 5 curare-tipped darts (quivered)
Armour
 c - a +2 helmet (worn)
 k - a +3 troll leather armour (worn)
 o - the +1 hat of the Blue Skies {*Corrode Fly rPois Int-4}
   (You found it in a Gauntlet)

   Int-4:     It affects your intelligence (-4).
   rPois:     It protects you from poison.
   Fly:       It grants you flight.
   *Corrode:  It may corrode you when you take damage.
 q - a +0 buckler (worn)
 x - a +2 cloak (worn)
 B - a +1 pair of gloves (worn)
 M - a +4 ring mail of cold resistance
Magical Staves
 E - a staff of fire
 N - a staff of alchemy
Jewellery
 e - a ring of willpower (left hand)
 i - a ring of resist corrosion
 s - a +6 ring of dexterity (right hand)
 u - an amulet of magic regeneration
 v - a +4 ring of slaying
 Z - the amulet "Extutoghe" (around neck) {Faith Rampage *Slow rF+++ Regen+}
   (You found it in a Gauntlet)

   [amulet of faith]

   Faith:     It allows you to gain divine favour quickly.
   rF+++:     It renders you almost immune to fire.
   Regen+:    It increases your rate of health regeneration.
   *Slow:     It may slow you when you take damage.
   Rampage:   It bestows one free step when moving towards enemies.
Wands
 l - a wand of mindburst (8)
 t - a wand of paralysis (9)
Scrolls
 a - 2 scrolls of teleportation
 f - a scroll of brand weapon
 h - 2 scrolls of immolation
 m - 5 scrolls of fog
 y - 3 scrolls of revelation
 C - 3 scrolls of noise
 D - a scroll of amnesia
 H - a scroll of vulnerability
 I - a scroll of fear
 V - a scroll of butterflies {unknown}
 W - a scroll of poison {unknown}
Potions
 b - 2 potions of magic
 g - 3 potions of degeneration
 j - a potion of cancellation
 n - a potion of resistance
 r - 8 potions of ambrosia
 w - a potion of invisibility
 z - 9 potions of lignification
 A - 3 potions of curing
 F - a potion of brilliance
 O - 4 potions of enlightenment
 Q - a potion of mutation {unknown}
 T - 2 potions of haste {unknown}
 U - 2 potions of might {unknown}
 X - a potion of heal wounds
Miscellaneous
 K - a Gell's gravitambourine (inert)
 L - a phantom mirror (inert)
 Y - a lightning rod (4/4)


   Skills:
 - Level 10.0 Fighting
 + Level 8.6 Polearms
 - Level 7.1 Dodging
 - Level 3.0 Stealth
 - Level 4.0 Shields
 - Level 6.6 Spellcasting
 - Level 9.5 Conjurations
 - Level 5.0 Ice Magic
 - Level 9.0 Air Magic
 - Level 4.0 Alchemy


You had 10 spell levels left.
You knew the following spells:

 Your Spells              Type           Power      Damage    Failure   Level
a - Magic Dart            Conj           100%       1d8       1%          1
b - Searing Ray           Conj           100%       2d8       1%          2
c - Fulminant Prism       Conj/Alch      19%        3d10      10%         4
d - Frozen Ramparts       Ice            60%        1d10      6%          3
e - Freezing Cloud        Conj/Ice/Air   21%        6-21      17%         5

Your spell library contained the following spells:

 Spells                   Type           Power      Damage    Failure   Level
 Freeze                   Ice            100%       1d10      1%          1
 Foxfire                  Conj/Fire      100%       2x1d9     2%          1
 Hailstorm                Conj/Ice       41%        3d9       2%          3
 Flame Wave               Conj/Fire      29%        2d9       22%         4
 Iskenderun's Mystic Bla Conj/Tloc 29%            2d7        (+2d3     22%         4
 Inner Flame              Hex/Fire       7%         N/A       43%         3
 Tukima's Dance           Hex            7%         N/A       43%         3
 Silence                  Hex/Air        14%        N/A       54%         5
 Sticky Flame             Fire/Alch      16%        2d5       56%         4
 Passage of Golubria      Tloc           7%         N/A       83%         4
 Yara's Violent Unravell  Hex/Alch       8%         3d5       88%         5
 Starburst                Conj/Fire      14%        6d6       97%         6
 Plasma Beam              Fire/Air       14%        2x1d25    98%         6
 Lehudib's Crystal Spear  Conj/Erth      14%        10d5      100%        8


Dungeon Overview and Level Annotations

Branches:
Dungeon (12/15)            Temple (1/1) D:4            Lair (2/5) D:8
    Orc (0/2) D:12          Sewer (visited)          Bailey (visited)
Gauntlet (1/1)
  Swamp: Lair:2-3    Shoals: Lair:2-3     Snake: Lair:2-3    Spider: Lair:2-3

Altars:
Ashenzari
Cheibriados
Dithmenos
Elyvilon
Fedhas
Gozag
Hepliaklqana
Kikubaaqudgha
Makhleb
Nemelex Xobeh
Okawaru
Qazlal
Ru
Sif Muna
Trog
Uskayaw
Vehumet
Wu Jian
Xom
Yredelemnul
Zin
The Shining One

Shops:
D:1 !   D:3 !=   D:10 :   D:12 [

Annotations:
D:4 3 runed translucent doors, P0WERM0DE's ghost, amateur CoCK
D:5 2 transporters, Gandelf's ghost, amateur SpCj
D:6 1 runed translucent door, Crazy Yiuf
D:11 3 runed translucent doors, makewrite's ghost, journeyman MiMo
D:12 Azrael Gauntlet 7 transporters


Innate Abilities, Weirdness & Mutations

Your serpentine skin is tough. (AC +4)
You have supernaturally acute eyesight. (SInv)
Armour fits poorly on your strangely shaped body.
Your system is resistant to poisons. (rPois)
You cover ground very slowly.
You can spit poison.
You can use your snake-like lower body to constrict enemies.


Message History

The spectral catoblepas barely misses you.
The spectral catoblepas gores you but does no damage.
Okay, then.
Okay, then.
Okay, then.
Okay, then.
Okay, then.
Unknown command.
Okay, then.
Okay, then.
Unknown command.
A red film seems to cover your vision as you go berserk!
You feel yourself moving faster!
You feel mighty! The spectral cane toad hits you!
* * * LOW HITPOINT WARNING * * *
You feel drained.
* * * LOW HITPOINT WARNING * * *
The spectral catoblepas gores you!
* * * LOW HITPOINT WARNING * * *
You feel drained.
* * * LOW HITPOINT WARNING * * *
The spectral cane toad hits you.
* * * LOW HITPOINT WARNING * * *
You feel a strong urge to attack something.
The death scarab closely misses you.
The death scarab enters a dispersal trap!
The spectral cane toad blinks!
The spectral catoblepas blinks!
You blink.
The death scarab blinks!
You enter a dispersal trap!
The spectral catoblepas blinks! x2
The spectral catoblepas fails to trigger a net trap.
The spectral catoblepas blinks!
The spectral cane toad blinks!
You blink.
There is a transporter here.
You enter the transporter and appear at another place.
You feel your anger nearly subside.
A minotaur comes into view. It is quivering silver javelins.
You flicker back into view.
The minotaur bellows!
The minotaur throws a silver javelin.
The silver javelin pierces through you!!
You die...

#########.P.##
#.........♣.≈##
#########.P.≈≈## ##
#...u.G.#...≈##. .#
#..####=#...###. .##
#.##..#!#.♣..##....
#.#.©#.©#.PP..#.♣.# .
#.#.##..#..P♣.#...##...H
#.##...=#...P.#.@....#
.....u#.....#...##.#
#######.....#.©.#
.........∩..#....
#######.....#.©.##
.##..t#.....#...#
#.#...###...P.#.©..
#.#..#)[#...♣.#...#
..#©#=©#..P..#.♣


You could see a minotaur.

Vanquished Creatures
  3 boulder beetles (D:12)
  3 two-headed ogres
  An orc sorcerer (Bailey)
  An ugly thing (D:7)
  2 manticores (D:7)
  A cyclops (D:8)
  5 elephants (Lair:1)
  A black mamba (Lair:1)
  4 cane toads (Lair:1)
  A gargoyle (D:10)
  3 kobold demonologists
  2 unseen horrors (D:12)
  3 komodo dragons
  Jeremiah (D:8)
  2 trolls
  3 hornets
  A queen bee (Lair:1)
  6 shadows
  20 yaks
  4 wyverns
  5 vampire mosquitoes
  A steam dragon (D:8)
  An acid dragon (D:12)
  2 water moccasins
  16 orc warriors
  3 sky beasts (D:7)
  An ice beast (D:7)
  4 ogres
  7 centaurs
  2 phantoms
  5 kobold brigands
  5 bullfrogs
  10 scorpions
  12 wights
  48 killer bees
  7 electric eels
  6 howler monkeys
  2 bombardier beetles
  A jelly (D:8)
  3 hounds
  2 orc priests
  2 sleepcaps (D:7)
  3 iguanas
  Ijyb (D:3)
  11 orc wizards
  Natasha (thrice) (D:3)
  11 gnolls
  3 river rats
  9 adders
  A shadow imp (D:5)
  A white imp (D:6)
  2 ufetubi (D:7)
  2 adder zombies (D:4)
  3 dart slugs
  10 ribbon worms
  43 orcs
  7 bats
  13 endoplasms
  4 giant cockroaches
  14 goblins
  14 hobgoblins
  4 jackals (D:5)
  A quokka (D:4)
  10 ball pythons
  2 frilled lizards
  14 kobolds
  8 rats
406 creatures vanquished.

Vanquished Creatures (collateral kills)
  A two-headed ogre (D:11)
1 creature vanquished.

Vanquished Creatures (others)
  5 fulminant prisms
5 creatures vanquished.

Grand Total: 412 creatures vanquished

Notes
Turn   | Place    | Note
-------+----------+-------------------------------------------
     0 | D:1      | Lavandula the Naga Conjurer began the quest for the Orb.
     0 | D:1      | Reached XP level 1. HP: 15/15 MP: 3/3
   192 | D:1      | Reached XP level 2. HP: 10/22 MP: 0/5
   243 | D:1      | Learned a level 2 spell: Searing Ray
   426 | D:1      | Found Tocubock's Distillery.
   516 | D:1      | Bought a potion of degeneration for 12 gold pieces
   751 | D:1      | Reached XP level 3. HP: 28/28 MP: 3/7
  1539 | D:2      | Reached XP level 4. HP: 27/36 MP: 6/10
  1632 | D:3      | Reached XP level 5. HP: 42/42 MP: 8/12
  1657 | D:3      | Found Onoown's Distillery.
  1735 | D:3      | Noticed Ijyb
  1742 | D:3      | Killed Ijyb
  1743 | D:3      | Reached skill level 5 in Spellcasting
  1850 | D:3      | Found a glowing drain.
  1860 | Sewer    | Entered a sewer
  2137 | Sewer    | Noticed a kobold brigand
  2140 | Sewer    | Killed a kobold brigand
  2141 | Sewer    | Reached XP level 6. HP: 47/49 MP: 11/14
  2557 | Sewer    | Learned a level 4 spell: Fulminant Prism
  2676 | Sewer    | Reached XP level 7. HP: 55/55 MP: 0/16
  2966 | D:3      | Found Aromeisy's Jewellery Emporium.
  3209 | D:3      | Noticed Natasha
  3212 | D:3      | Killed Natasha
  3262 | D:3      | Bought a potion of heal wounds for 70 gold pieces
  3331 | D:3      | Noticed Natasha
  3334 | D:3      | Killed Natasha
  3458 | D:3      | Reached skill level 5 in Conjurations
  3557 | D:3      | Noticed Natasha
  3561 | D:3      | Killed Natasha
  3759 | D:4      | You fall into a shaft and drop 3 floors!
  4013 | D:7      | Found a flagged portal.
  4023 | Bailey   | Entered a bailey
  4129 | Bailey   | Reached XP level 8. HP: 53/62 MP: 9/17
  4219 | Bailey   | Reached skill level 1 in Fighting
  4343 | Bailey   | Reached skill level 2 in Fighting
  4349 | Bailey   | Reached skill level 3 in Fighting
  4365 | Bailey   | Noticed an orc sorcerer
  4415 | Bailey   | Killed an orc sorcerer
  4416 | Bailey   | Reached skill level 6 in Fighting
  4416 | Bailey   | Reached XP level 9. HP: 71/82 MP: 14/18
  4584 | Bailey   | Noticed a kobold demonologist
  4593 | Bailey   | Acquired 819 gold pieces
  4753 | Bailey   | Found an iron altar of Okawaru.
  4754 | Bailey   | Identified the +0 leather armour of Kuugek {-Tele rN+
                  | Str+3}
  4763 | Bailey   | Noticed a hellwing
  4770 | Bailey   | Killed a kobold demonologist
  4803 | Bailey   | Identified the +5 orcbow of the Cursing Cardinal {freeze,
                  | rElec Will- Dex+6 Stlth+}
  5061 | Bailey   | Reached skill level 5 in Dodging
  5549 | D:6      | Found a runed translucent door.
  5550 | D:6      | Noticed Crazy Yiuf
  5578 | D:5      | Entered Level 5 of the Dungeon
  5606 | D:5      | Found an ancient bone altar of Kikubaaqudgha.
  5683 | D:5      | Found a transporter.
  5698 | D:5      | Noticed Gandelf's ghost (amateur SpCj)
  5709 | D:5      | Found a transporter.
  5784 | D:5      | Found a broken altar of Ashenzari.
  5830 | D:4      | Upgraded the game from 0.32-a0-891-gc41d80381e to
                  | 0.32-a0-898-g7811c86cf0
  5840 | D:4      | Reached XP level 10. HP: 91/91 MP: 19/19
  5901 | D:4      | Found a staircase to the Ecumenical Temple.
  5948 | Temple   | Entered the Ecumenical Temple
  6040 | D:4      | Found a sparkling altar of Nemelex Xobeh.
  6115 | D:4      | Found a shadowy altar of Dithmenos.
  6329 | D:4      | Found a runed translucent gate.
  6329 | D:4      | Found a runed translucent gate.
  6329 | D:4      | Found a runed translucent gate.
  6329 | D:4      | Noticed P0WERM0DE's ghost (amateur CoCK)
  6331 | D:4      | Found a basalt altar of Yredelemnul.
  6524 | D:5      | Reached skill level 1 in Shields
  7043 | D:6      | Found a sacrificial altar of Ru.
  7064 | D:6      | Upgraded the game from 0.32-a0-898-g7811c86cf0 to
                  | 0.32-a0-899-geb5ba95c15
  7326 | D:6      | Found a shimmering blue altar of Sif Muna.
  7821 | D:7      | Paralysed by a hornet for 3 turns
  8156 | D:7      | Noticed a manticore
  8168 | D:7      | Killed a manticore
  8213 | D:7      | Learned a level 3 spell: Frozen Ramparts
  8297 | D:7      | Reached skill level 1 in Ice Magic
  8759 | D:7      | Identified the +3 glaive "Transmigrator" {drain, rF++ Str-4
                  | Int+2}
  8843 | D:7      | Noticed a brown ugly thing
  8854 | D:7      | Killed a brown ugly thing
  8855 | D:7      | Reached skill level 5 in Ice Magic
  8855 | D:7      | Reached XP level 11. HP: 91/99 MP: 18/20
  8865 | D:7      | Noticed a manticore
  8871 | D:7      | Killed a manticore
  8872 | D:7      | Reached skill level 7 in Fighting
  8929 | D:7      | Identified the +4 arbalest of Classification {drain, rC-
                  | Str+6 Int+3}
  9160 | D:8      | Reached skill level 1 in Polearms
  9285 | D:8      | Found a staircase to the Lair.
  9628 | D:8      | Noticed a cyclops
  9635 | D:8      | Killed a cyclops
  9711 | D:8      | Noticed Jeremiah
  9719 | D:8      | Killed Jeremiah
  9886 | D:8      | Noticed a two-headed ogre
  9895 | D:8      | Killed a two-headed ogre
  9896 | D:8      | Reached skill level 5 in Polearms
 10476 | D:9      | Reached skill level 8 in Fighting
 10581 | D:9      | Found a shimmering altar of Xom.
 10628 | D:9      | Noticed a two-headed ogre
 10642 | D:9      | Killed a two-headed ogre
 10730 | D:9      | Found a glowing golden altar of the Shining One.
 11216 | D:9      | Reached skill level 9 in Fighting
 11393 | D:10     | Entered Level 10 of the Dungeon
 11437 | D:10     | Upgraded the game from 0.32-a0-899-geb5ba95c15 to
                  | 0.32-a0-913-g739538afd8
 12050 | D:10     | Found a hazy altar of Hepliaklqana.
 12381 | D:10     | Reached skill level 10 in Fighting
 12381 | D:10     | Reached XP level 12. HP: 116/116 MP: 15/21
 12568 | D:10     | Found Habogg's Book Shoppe.
 12571 | D:10     | Bought Asmodeus's Atlas of Blows for 520 gold pieces
 12577 | D:10     | Learned a level 5 spell: Freezing Cloud
 12888 | D:11     | Reached skill level 1 in Air Magic
 13023 | D:11     | Noticed a yaktaur captain
 13023 | D:11     | Noticed makewrite's ghost (journeyman MiMo)
 13038 | D:11     | Noticed a tengu warrior
 13073 | D:11     | Noticed a two-headed ogre
 13647 | D:11     | Noticed a two-headed ogre
 13656 | D:11     | Killed a two-headed ogre
 13876 | D:11     | Killed a two-headed ogre
 13877 | D:11     | Reached skill level 5 in Air Magic
 13996 | D:11     | Noticed a sun demon
 14185 | D:11     | Found a runed translucent gate.
 14186 | D:11     | Found a runed translucent gate.
 14187 | D:11     | Found a runed translucent gate.
 14633 | D:12     | Noticed a boulder beetle
 14660 | D:12     | Killed a boulder beetle
 14661 | D:12     | Upgraded the game from 0.32-a0-913-g739538afd8 to
                  | 0.32-a0-918-g0f22ef8d61
 14686 | D:12     | Found Puepia's Armour Shoppe.
 14689 | D:12     | Found a staircase to the Orcish Mines.
 14703 | D:12     | Noticed a boulder beetle
 14730 | D:12     | Noticed a boulder beetle
 14734 | D:12     | Killed a boulder beetle
 14792 | D:12     | Killed a boulder beetle
 15009 | D:12     | Noticed Azrael
 15227 | Lair:1   | Entered Level 1 of the Lair of Beasts
 15660 | Lair:1   | Gained mutation: You can use your snake-like lower body to
                  | constrict enemies. [Naga growth]
 15660 | Lair:1   | Reached XP level 13. HP: 119/123 MP: 22/22
 16819 | Lair:2   | Found a gate leading to a gauntlet.
 16840 | Gauntlet | Entered a Gauntlet
 16840 | Gauntlet | Found a transporter.
 16843 | Gauntlet | Found a transporter.
 16845 | Gauntlet | Found a transporter.
 16858 | Gauntlet | Found a transporter.
 16859 | Gauntlet | Found a transporter.
 16868 | Gauntlet | Found a transporter.
 16884 | Gauntlet | Found a transporter.
 16892 | Gauntlet | Noticed a great orb of eyes
 16894 | Gauntlet | Found a transporter.
 16901 | Gauntlet | Noticed a quicksilver ooze
 16904 | Gauntlet | Found a transporter.
 16929 | Gauntlet | Found a transporter.
 16931 | Gauntlet | Found a transporter.
 16959 | Gauntlet | Found a transporter.
 16998 | Gauntlet | Identified the amulet "Extutoghe" {Faith Rampage *Slow
                  | rF+++ Regen+}
 17039 | Gauntlet | Found a transporter.
 17064 | Gauntlet | Identified the +1 hat of the Blue Skies {*Corrode Fly rPois
                  | Int-4}
 17077 | Gauntlet | Noticed a minotaur
 17077 | Gauntlet | Hit by a silver javelin thrown by a minotaur

Illustrated notes

Levels and vault maps discovered:
D:1:      lemuel_arrival_room, layout_basic, serial_shops, shop,
          chequers_serial_rivers_micro_c, serial_bayou_lake_a
D:2:      layout_basic, uniq_jessica, uniq_terence
D:3:      layout_loops_ring, serial_shops, nicolae_shop_statue_plus,
          nicolae_shop_crystal, gup_sewer_entry_bubbles, uniq_natasha, uniq_ijyb
D:4:      layout_basic, nicolae_yredelemnul_ghost_church,
          mainiacjoe_overflow_catwalk, lemuel_round_altar,
          minmay_temple_entry_antechambers
D:5:      old_forge, layout_cave_pools, tgw_kikubaaqudgha,
          mainiacjoe_overflow_paths, gammafunk_ghost_abyssal_escape,
          serial_column_ruins, column_ruins_columns_water,
          column_ruins_open_medium, column_ruins_open_tiny,
          column_ruins_open_tiny, column_ruins_open_tiny
D:6:      layout_loops_corners, mainiacjoe_overflow_cross_hatched, led_sif_book,
          uniq_crazy_yiuf_cottage
D:7:      minmay_the_grid_square_5x5_3x3 [minmay_the_grid_square_5x5_six,
          minmay_the_grid_square_5x5_c, minmay_the_grid_square_5x5_six_small,
          minmay_the_grid_square_5x5_inverted_slash,
          minmay_the_grid_square_5x5_megaprize_diamond,
          minmay_the_grid_square_5x5_two, minmay_the_grid_square_5x5_inner_i,
          minmay_the_grid_square_5x5_n, minmay_the_grid_square_5x5_minibox],
          layout_basic, enter_bailey_3
D:8:      layout_loops_ring, david_lair_shrubbed, uniq_jeremiah
D:9:      layout_gridville, tso_altar, mainiacjoe_overflow_surrounded_room,
          wad_rectangle_vault
D:10:     layout_basic, general_overflow_altar, serial_shops,
          kennysheep_mini_moat
D:11:     layout_stronghold, gammafunk_ghost_split, nicolae_figureground_sparkle
D:12:     layout_loops_cross, orc_david_3, pdpol_wu_jian_five_deadly_venoms,
          uniq_azrael
Temple:   nicolae_temple_slightly_damp_pantheon
Lair:1:   layout_layer_cave, special_room [special_room_bee],
          serial_bayou_crossing, serial_bayou_shore_a
Lair:2:   layout_cave_pods, gauntlet_entry_generic, grunt_megastairs_3,
          uniq_gastronok
Gauntlet: minmay_gauntlet_77_tree [minmay_gauntlet_arena_77_two_paths,
          minmay_gauntlet_arena_77_mess, minmay_gauntlet_arena_77_block_sizes,
          minmay_gauntlet_arena_77_p_blocks,
          minmay_gauntlet_arena_77_hold_the_fort,
          minmay_gauntlet_arena_77_squiggly, minmay_gauntlet_arena_77_two_lines,
          gauntlet_exit_green]

Skill      XL: |  1  2  3  4  5  6  7  8  9 10 11 12 13 |
---------------+----------------------------------------+-----
Spellcasting   | 3 4 5 6 |  6.6
Conjurations   | 7 8 9 |  9.5
Alchemy        | 4 |  4.0
Fighting       | 6 10 | 10.0
Dodging        | 6 7 |  7.1
Shields        | 4 |  4.0
Ice Magic      | 5 |  5.0
Polearms       | 6 8 |  8.6
Air Magic      | 9 |  9.0
Stealth        | |  3.0

Action                     |  1- 3 |  4- 6 |  7- 9 | 10-12 | 13-15 || total
---------------------------+-------+-------+-------+-------+-------++-------
  Melee: Unarmed           |     6 |       |       |       |       ||     6
         Falchion          |     5 |    12 |     5 |     5 |       ||    27
         Glaive            |       |       |       |    12 |       ||    12
         Staff             |       |       |       |     3 |       ||     3
         Trident           |       |       |       |   191 |    96 ||   287
         Constrict         |       |       |       |       |     9 ||     9
  Throw: Dart              |       |       |       |     3 |       ||     3
   Cast: Magic Dart        |    39 |    13 |    37 |     8 |       ||    97
         Searing Ray       |     8 |    22 |    56 |   109 |       ||   195
         Fulminant Prism   |       |       |     2 |     3 |       ||     5
         Frozen Ramparts   |       |       |       |    54 |     7 ||    61
         Freezing Cloud    |       |       |       |    17 |     5 ||    22
Ability: Spit Poison       |    23 |    25 |    53 |    73 |     1 ||   175
  Evoke: Wand              |       |     2 |       |     5 |       ||     7
         Phantom mirror    |       |       |       |     1 |     1 ||     2
         Gell's gravitambo |       |       |       |       |     2 ||     2
    Use: Scroll            |       |     2 |     7 |    22 |     1 ||    32
         Potion            |       |       |       |     7 |     3 ||    10
   Stab: Sleeping          |       |     1 |       |     2 |       ||     3
         Paralysed         |       |       |       |     6 |       ||     6
 Armour: Robe              |    13 |       |       |       |       ||    13
         Leather armour    |    19 |    21 |   110 |   192 |       ||   342
         Troll leather arm |       |       |       |   150 |    95 ||   245
  Dodge: Dodged            |     8 |    10 |    52 |   241 |    56 ||   367
  Block: Buckler           |       |       |       |    66 |    22 ||    88

Table legend: (Time is in decaauts)
 A = Elapsed time spent in this place.
 B = Non-inter-level travel time spent in this place.
 C = Inter-level travel time spent in this place.
 D = Time resting spent in this place.
 E = Time spent auto-exploring this place.
 F = Levels seen in this place.
 G = Mean time per level.
                   A        B        C        D        E       F      G
               +--------+--------+--------+--------+--------+-----+--------+
         Total |  21315 |  20221 |   1094 |   2099 |  14413 |  18 | 1184.2 |
       Dungeon |  16287 |  15239 |   1048 |   1183 |  11610 |  12 | 1357.2 |
        Temple |      1 |      1 |      0 |      0 |      0 |   1 |    1.0 |
          Lair |   2086 |   2041 |     45 |    147 |   1566 |   2 | 1043.0 |
         Sewer |   1234 |   1234 |      0 |     70 |    925 |   1 | 1234.0 |
        Bailey |   1388 |   1388 |      0 |    698 |    310 |   1 | 1388.0 |
      Gauntlet |    317 |    317 |      0 |      0 |      0 |   1 |  317.0 |
               +--------+--------+--------+--------+--------+-----+--------+

Top non-repeatable levels by time:
     D:7: 2263 daAuts
  Lair:1: 2059 daAuts
    D:10: 1896 daAuts
    D:11: 1842 daAuts
     D:9: 1623 daAuts
     D:1: 1536 daAuts
     D:6: 1516 daAuts
  Bailey: 1388 daAuts
     D:8: 1333 daAuts
     D:3: 1254 daAuts
   Sewer: 1234 daAuts
     D:4: 1008 daAuts
     D:5: 834 daAuts
    D:12: 832 daAuts
     D:2: 344 daAuts
